| TOP OF THE 1ST |
|
Quad Cities River Bandits batting - Pitching for Charleston RiverDogs : RHP Andrew Ray
|
|
Pitching: RHP Andrew Ray
|
|
|
Batting: LHB Jose Chavez
|
0-0: Foul Ball, location: 2F 0-1: Ball 1-1: Ball 2-1: Called Strike 2-2: Fly out, F9 (Flyball, 9, EV 77.5 MPH)
|
|
Batting: RHB Edgar Trejo
|
0-0: Ball 1-0: Swinging Strike 1-1: SOLO HOME RUN (Flyball, 7LD, EV 101.2 MPH), Distance : 374 ft
|
|
Batting: RHB Jesus Malave
|
0-0: Ball 1-0: Ball 2-0: Called Strike 2-1: Fly out, F7 (Flyball, 78D, EV 99.4 MPH)
|
|
Batting: RHB Sam Spohn
|
0-0: Called Strike 0-1: Foul Ball, location: 2F 0-2: Strikes out swinging
|
| Top of the 1st over - 1 run, 1 hit, 0 errors, 0 left on base; Quad Cities 1 - Charleston 0 |
| BOTTOM OF THE 1ST |
|
Charleston RiverDogs batting - Pitching for Quad Cities River Bandits : LHP Manny Gonzales
|
|
Pitching: LHP Manny Gonzales
|
|
|
Batting: LHB Ernesto Abreu
|
0-0: Called Strike 0-1: Called Strike 0-2: Ball 1-2: Ball 2-2: Ground out U3 (Groundball, 3, EV 84.4 MPH)
|
|
Batting: RHB Iften Olujimi
|
0-0: Ball 1-0: Ball 2-0: Called Strike 2-1: Ground out 6-3 (Groundball, 56D, EV 98.8 MPH)
|
|
Batting: RHB Francisco Vargas
|
0-0: Ball 1-0: Called Strike 1-1: Ball 2-1: Ball 3-1: Ground out 4-3 (Groundball, 4, EV 100.6 MPH)
|
| Bottom of the 1st over - 0 runs, 0 hits, 0 errors, 0 left on base; Quad Cities 1 - Charleston 0 |
| TOP OF THE 2ND |
|
Quad Cities River Bandits batting - Pitching for Charleston RiverDogs : RHP Andrew Ray
|
|
Batting: RHB Nick Deegan
|
0-0: SINGLE (Groundball, 56D, EV 105.6 MPH)
|
|
Batting: LHB Wade Girard
|
0-0: Ball 1-0: Reached on error, E3 (Groundball, 3S, EV 85.6 MPH) Nick Deegan to second
|
|
Batting: RHB Alex Campos
|
0-0: Ball 1-0: SINGLE (Groundball, 4MD, EV 110.0 MPH) Nick Deegan to third Wade Girard to second Runner from 3rd tries for Home, SAFE, throw by CF to home
|
|
Batting: RHB Omar Amaya
|
0-0: Swinging Strike 0-1: Ball 1-1: Swinging Strike 1-2: Strikes out swinging
|
|
Batting: RHB Dustin Hartman
|
0-0: Called Strike 0-1: Grounds into double play, 5-4-3 (Groundball, 56, EV 110.6 MPH)
|
| Top of the 2nd over - 1 run, 2 hits, 1 error, 1 left on base; Quad Cities 2 - Charleston 0 |
| BOTTOM OF THE 2ND |
|
Charleston RiverDogs batting - Pitching for Quad Cities River Bandits : LHP Manny Gonzales
|
|
Batting: LHB Jeremiah Walker
|
0-0: Ball 1-0: Swinging Strike 1-1: Foul Ball, location: 2F 1-2: Foul Ball, location: 2F 1-2: Ball 2-2: Strikes out looking
|
|
Batting: LHB Marc Durgin
|
0-0: Ground out 6-3 (Groundball, 6, EV 90.0 MPH)
|
|
Batting: RHB Jeff McClellan
|
0-0: Called Strike 0-1: Foul Ball, location: 2F 0-2: Ground out 6-3 (Groundball, 6MD, EV 105.0 MPH)
|
| Bottom of the 2nd over - 0 runs, 0 hits, 0 errors, 0 left on base; Quad Cities 2 - Charleston 0 |
| TOP OF THE 3RD |
|
Quad Cities River Bandits batting - Pitching for Charleston RiverDogs : RHP Andrew Ray
|
|
Batting: LHB Jose Chavez
|
0-0: Called Strike 0-1: Foul Ball, location: 2F 0-2: Strikes out swinging
|
|
Batting: RHB Edgar Trejo
|
0-0: Called Strike 0-1: Fly out, F8 (Flyball, 89S, EV 80.6 MPH)
|
|
Batting: RHB Jesus Malave
|
0-0: Ground out 6-3 (Groundball, 6, EV 76.9 MPH)
|
| Top of the 3rd over - 0 runs, 0 hits, 0 errors, 0 left on base; Quad Cities 2 - Charleston 0 |
| BOTTOM OF THE 3RD |
|
Charleston RiverDogs batting - Pitching for Quad Cities River Bandits : LHP Manny Gonzales
|
|
Batting: RHB Bryan Massey
|
0-0: Called Strike 0-1: Called Strike 0-2: Ball 1-2: Foul Ball, location: 2F 1-2: Foul Ball, location: 2F 1-2: Ball 2-2: Strikes out swinging
|
|
Batting: RHB Michael Patterson
|
0-0: Called Strike 0-1: Foul Ball, location: 2F 0-2: Strikes out swinging
|
|
Batting: RHB Louwe Starmans
|
0-0: Called Strike 0-1: Ball 1-1: Ground out 6-3 (Groundball, 6S, EV 93.1 MPH)
|
| Bottom of the 3rd over - 0 runs, 0 hits, 0 errors, 0 left on base; Quad Cities 2 - Charleston 0 |
| TOP OF THE 4TH |
|
Quad Cities River Bandits batting - Pitching for Charleston RiverDogs : RHP Andrew Ray
|
|
Batting: RHB Sam Spohn
|
0-0: Foul Ball, location: 2F 0-1: Fly out, F8 (Flyball, 8RM, EV 80.0 MPH)
|
|
Batting: RHB Nick Deegan
|
0-0: Ball 1-0: Foul Ball, location: 2F 1-1: Swinging Strike 1-2: Ball 2-2: Ball 3-2: Foul Ball, location: 2F 3-2: Ground out 4-3 (Groundball, 4, EV 98.8 MPH)
|
|
Batting: LHB Wade Girard
|
0-0: Called Strike 0-1: Ball 1-1: Foul Ball, location: 2F 1-2: DOUBLE (Groundball, 3L, EV 94.4 MPH)
|
|
Batting: RHB Alex Campos
|
0-0: Foul Ball, location: 2F 0-1: Swinging Strike 0-2: Foul Ball, location: 2F 0-2: Ball 1-2: Strikes out swinging
|
| Top of the 4th over - 0 runs, 1 hit, 0 errors, 1 left on base; Quad Cities 2 - Charleston 0 |
| BOTTOM OF THE 4TH |
|
Charleston RiverDogs batting - Pitching for Quad Cities River Bandits : LHP Manny Gonzales
|
|
Batting: LHB Ernesto Abreu
|
0-0: Ball 1-0: Ball 2-0: SINGLE (Groundball, 4MD, EV 85.6 MPH) (infield hit)
|
|
Batting: RHB Iften Olujimi
|
0-0: Called Strike 0-1: Fly out, F7 (Flyball, 7, EV 94.4 MPH)
|
|
Batting: RHB Francisco Vargas
|
0-0: Called Strike 0-1: Ball Ernesto Abreu steals 2nd base 1-1: Ball 2-1: Ball Ernesto Abreu is caught stealing 3rd base 2-5 3-1: Foul Ball, location: 2F 3-2: Strikes out looking
|
| Bottom of the 4th over - 0 runs, 1 hit, 0 errors, 0 left on base; Quad Cities 2 - Charleston 0 |
| TOP OF THE 5TH |
|
Quad Cities River Bandits batting - Pitching for Charleston RiverDogs : RHP Andrew Ray
|
|
Batting: RHB Omar Amaya
|
0-0: Ball 1-0: Ball 2-0: Foul Ball, location: 2F 2-1: SINGLE (Groundball, 6D, EV 103.1 MPH)
|
|
Batting: RHB Dustin Hartman
|
0-0: Called Strike 0-1: Ball 1-1: Grounds into double play, 2-4-3 (Groundball, 15S, EV 68.1 MPH)
|
|
Batting: LHB Jose Chavez
|
0-0: Ball 1-0: Fly out, F7 (Flyball, 7, EV 96.2 MPH)
|
| Top of the 5th over - 0 runs, 1 hit, 0 errors, 0 left on base; Quad Cities 2 - Charleston 0 |
| BOTTOM OF THE 5TH |
|
Charleston RiverDogs batting - Pitching for Quad Cities River Bandits : LHP Manny Gonzales
|
|
Batting: LHB Jeremiah Walker
|
0-0: Ball 1-0: Ball 2-0: Called Strike 2-1: Ball 3-1: Ground out 5-3 (Groundball, 5S, EV 86.2 MPH)
|
|
Batting: LHB Marc Durgin
|
0-0: Ball 1-0: Ball 2-0: Swinging Strike 2-1: Ball 3-1: Base on Balls
|
|
Batting: RHB Jeff McClellan
|
0-0: Reached on error, E5 (Groundball, 5S, EV 89.4 MPH) Marc Durgin to second
|
|
Batting: RHB Bryan Massey
|
0-0: Ball 1-0: Foul Ball, location: 2F 1-1: Called Strike 1-2: Strikes out swinging
|
|
Batting: RHB Michael Patterson
|
0-0: Called Strike 0-1: Ball 1-1: Ball 2-1: Ball 3-1: Called Strike 3-2: Foul Ball, location: 2F 3-2: SINGLE (Groundball, 6MD, EV 102.5 MPH) Marc Durgin to third Jeff McClellan to second Marc Durgin scores Jeff McClellan to third
|
|
Batting: RHB Louwe Starmans
|
0-0: Ball 1-0: Ball 2-0: Ball 3-0: Base on Balls Michael Patterson to second
|
|
Batting: LHB Ernesto Abreu
|
0-0: Foul Ball, location: 2F 0-1: SINGLE (Groundball, 4MS, EV 71.9 MPH) (infield hit) Jeff McClellan scores Michael Patterson to third Louwe Starmans to second
|
|
Pitching: RHP Jayson Campbell
|
|
|
Batting: RHB Iften Olujimi
|
0-0: Ball 1-0: Called Strike 1-1: DOUBLE (Groundball, 5L, EV 94.4 MPH) Michael Patterson scores Louwe Starmans scores Ernesto Abreu to third Runner from 3rd tries for Home, SAFE, throw by LF to trailing runner, OUT at third! 7-3-5
|
| Bottom of the 5th over - 5 runs, 3 hits, 1 error, 0 left on base; Quad Cities 2 - Charleston 5 |
| TOP OF THE 6TH |
|
Quad Cities River Bandits batting - Pitching for Charleston RiverDogs : RHP Andrew Ray
|
|
Batting: RHB Edgar Trejo
|
0-0: Called Strike 0-1: Ball 1-1: Foul Ball, location: 2F 1-2: Ball 2-2: Ball 3-2: Strikes out looking
|
|
Batting: RHB Jesus Malave
|
0-0: Ball 1-0: Called Strike 1-1: Foul Ball, location: 2F 1-2: Ball 2-2: Ground out 6-3 (Groundball, 6, EV 88.1 MPH)
|
|
Batting: RHB Sam Spohn
|
0-0: Called Strike 0-1: Ball 1-1: Ball 2-1: Ball 3-1: Ground out 6-3 (Groundball, 6S, EV 66.9 MPH)
|
| Top of the 6th over - 0 runs, 0 hits, 0 errors, 0 left on base; Quad Cities 2 - Charleston 5 |
| BOTTOM OF THE 6TH |
|
Charleston RiverDogs batting - Pitching for Quad Cities River Bandits : RHP Jayson Campbell
|
|
Batting: RHB Francisco Vargas
|
0-0: Foul Ball, location: 2F 0-1: Ground out 4-3 (Groundball, 4, EV 106.2 MPH)
|
|
Batting: LHB Jeremiah Walker
|
0-0: Ball 1-0: Ground out 5-3 (Groundball, 56, EV 97.5 MPH)
|
|
Batting: LHB Marc Durgin
|
0-0: Called Strike 0-1: Foul Ball, location: 2F 0-2: Ground out 5-3 (Groundball, 56, EV 101.2 MPH)
|
| Bottom of the 6th over - 0 runs, 0 hits, 0 errors, 0 left on base; Quad Cities 2 - Charleston 5 |
| TOP OF THE 7TH |
|
Quad Cities River Bandits batting - Pitching for Charleston RiverDogs : RHP Andrew Ray
|
|
Now in LF: John Sprenkel
|
|
|
Batting: RHB Nick Deegan
|
0-0: Ball 1-0: Ball 2-0: Called Strike 2-1: Called Strike 2-2: Foul Ball, location: 2F 2-2: Strikes out swinging
|
|
Batting: LHB Wade Girard
|
0-0: Ball 1-0: Ball 2-0: Ball 3-0: Called Strike 3-1: DOUBLE (Flyball, 78D, EV 97.5 MPH)
|
|
Batting: RHB Alex Campos
|
0-0: Foul Ball, location: 2F 0-1: Foul Ball, location: 2F 0-2: Ball 1-2: Strikes out swinging
|
|
Batting: RHB Omar Amaya
|
0-0: Ball 1-0: Ball 2-0: Ball 3-0: Called Strike 3-1: Reached on error, E4 (Groundball, 4, EV 92.5 MPH) Wade Girard to third
|
|
Pitching: RHP Willie Perez
|
|
|
Batting: RHB Dustin Hartman
|
0-0: Ground out 1-3 (Groundball, 34S, EV 64.4 MPH)
|
| Top of the 7th over - 0 runs, 1 hit, 1 error, 2 left on base; Quad Cities 2 - Charleston 5 |
| BOTTOM OF THE 7TH |
|
Charleston RiverDogs batting - Pitching for Quad Cities River Bandits : RHP Jayson Campbell
|
|
Batting: RHB Jeff McClellan
|
0-0: Called Strike 0-1: Foul Ball, location: 2F 0-2: Ball 1-2: Ground out U3 (Groundball, 3S, EV 91.9 MPH)
|
|
Batting: RHB Bryan Massey
|
0-0: Ball 1-0: Swinging Strike 1-1: DOUBLE (Line Drive, 5D, EV 94.4 MPH)
|
|
Batting: RHB Michael Patterson
|
0-0: Intentional Walk
|
|
Batting: RHB Louwe Starmans
|
0-0: Called Strike 0-1: Ball 1-1: Called Strike 1-2: Foul Ball, location: 2F 1-2: Strikes out swinging
|
|
Batting: RHB John Sprenkel
|
0-0: Ball 1-0: Swinging Strike 1-1: Ball 2-1: Swinging Strike 2-2: Ball 3-2: Foul Ball, location: 2F 3-2: Base on Balls Bryan Massey to third Michael Patterson to second
|
|
Batting: RHB Iften Olujimi
|
0-0: Called Strike 0-1: Swinging Strike 0-2: Ball 1-2: Ball 2-2: Fly out, F7 (Line Drive, 7S, EV 85.0 MPH)
|
| Bottom of the 7th over - 0 runs, 1 hit, 0 errors, 3 left on base; Quad Cities 2 - Charleston 5 |
| TOP OF THE 8TH |
|
Quad Cities River Bandits batting - Pitching for Charleston RiverDogs : RHP Willie Perez
|
|
Now at 2B: Mike Zern
|
|
|
Batting: LHB Jose Chavez
|
0-0: Ball 1-0: Ball 2-0: Swinging Strike 2-1: Foul Ball, location: 2F 2-2: TRIPLE (Line Drive, 89XD, EV 100.6 MPH)
|
|
Batting: RHB Edgar Trejo
|
0-0: Called Strike 0-1: Ball 1-1: Ball 2-1: Ground out U3 (Groundball, 34, EV 89.4 MPH) Jose Chavez scores
|
|
Batting: RHB Jesus Malave
|
0-0: Swinging Strike 0-1: Ball 1-1: Swinging Strike 1-2: Strikes out looking
|
|
Batting: RHB Sam Spohn
|
0-0: Ball 1-0: Foul Ball, location: 2F 1-1: Fly out, F9 (Flyball, 9, EV 97.5 MPH)
|
| Top of the 8th over - 1 run, 1 hit, 0 errors, 0 left on base; Quad Cities 3 - Charleston 5 |
| BOTTOM OF THE 8TH |
|
Charleston RiverDogs batting - Pitching for Quad Cities River Bandits : RHP Jayson Campbell
|
|
Pitching: RHP Kevin Zika
|
|
|
Batting: RHB Francisco Vargas
|
0-0: Ground out 6-3 (Groundball, 6M, EV 85.6 MPH)
|
|
Batting: LHB Jeremiah Walker
|
0-0: Called Strike 0-1: Called Strike 0-2: Strikes out looking
|
|
Batting: LHB Marc Durgin
|
0-0: Called Strike 0-1: Fly out, F9 (Flyball, 89M, EV 91.2 MPH)
|
| Bottom of the 8th over - 0 runs, 0 hits, 0 errors, 0 left on base; Quad Cities 3 - Charleston 5 |
| TOP OF THE 9TH |
|
Quad Cities River Bandits batting - Pitching for Charleston RiverDogs : RHP Willie Perez
|
|
Pitching: LHP Dustin Shaw
|
|
|
Batting: RHB Nick Deegan
|
0-0: Ball 1-0: Ball 2-0: Ball 3-0: Base on Balls
|
|
Pinch Hitting: RHB Yi-lin Niu
|
0-0: Ball 1-0: Ball 2-0: Foul Ball, location: 2F 2-1: Ball 3-1: Base on Balls Nick Deegan to second
|
|
Batting: RHB Alex Campos
|
0-0: Bunted foul 0-1: Ball 1-1: Sac Bunt to 25 - play at first, batter OUT! 5-4 Nick Deegan to third Yi-lin Niu to second
|
|
Batting: RHB Omar Amaya
|
0-0: Ball 1-0: Ball 2-0: Fly out, F8 (Flyball, 8RXD, EV 93.8 MPH) Runner from 3rd tags up, SCORES, no throw by CF Yi-lin Niu to third
|
|
Batting: RHB Dustin Hartman
|
0-0: Swinging Strike 0-1: Called Strike 0-2: Fly out, F8 (Flyball, 8RD, EV 95.6 MPH)
|
| Top of the 9th over - 1 run, 0 hits, 0 errors, 1 left on base; Quad Cities 4 - Charleston 5 |
|